 Dungeon Crawl Stone Soup version 0.17.0-25-gefc9c12 (webtiles) character file.

310 Niddhoggr the Chopper (level 6, 0/84 HPs)
             Began as a Minotaur Berserker on Nov 19, 2015.
             Was a Believer of Trog.
             Slain by a gnoll
             ... wielding a +0 spear
              (7 damage)
             ... on level 5 of the Dungeon.
             The game lasted 00:06:52 (2376 turns).

Niddhoggr the Chopper (Minotaur Berserker)          Turns: 2376, Time: 00:06:52

Health: 0/84       AC:  3    Str: 27    XL:     6   Next: 17%
Magic:  5/5        EV: 12    Int:  5    God:    Trog [**....]
Gold:   218        SH:  0    Dex: 10    Spells: 0 memorised, 5 levels left

rFire  . . .     SeeInvis .     m - +3 quarterstaff (chaos)
rCold  . . .     Clarity  .     b - +0 animal skin
rNeg   . . .     SustAt   .     (shield currently unavailable)
rPois  +         Gourm    .     (helmet restricted)
rElec  .         Spirit   .     n - +0 cloak
rCorr  .         Warding  .     (no gloves)
rMut   .         Stasis   .     (no boots)
MR     ++...                    (no amulet)
Stlth  ..........               (no ring)
                                s - ring of poison resistance

@: berserking, regenerating, very quick, very resistant to hostile enchantments,
extremely unstealthy
A: retaliatory headbutt, horns 2
a: Berserk, Trog's Hand, Burn Spellbooks, Renounce Religion


You were on level 5 of the Dungeon.
You worshipped Trog.
Trog was pleased with you.
You were very hungry.

You visited 1 branch of the dungeon, and saw 5 of its levels.

You collected 218 gold pieces.

Inventory:

Hand Weapons
 a - a +0 hand axe
 m - a +3 quarterstaff of chaos (weapon)
Missiles
 u - 7 javelins (quivered)
Armour
 b - a +0 animal skin (worn)
 n - a +0 cloak (worn)
Jewellery
 s - a ring of poison resistance (left hand)
Scrolls
 d - 2 scrolls of remove curse {unknown}
 e - 2 scrolls of fog {unknown}
 f - 3 scrolls of identify {unknown}
 g - 3 scrolls of teleportation {unknown}
 h - 2 scrolls of magic mapping {unknown}
 j - 3 scrolls of blinking {unknown}
 o - a scroll of immolation {unknown}
Potions
 i - a potion of agility {unknown}
 k - a potion of heal wounds {unknown}
 q - 2 potions of curing {unknown}
 t - 2 potions of mutation {unknown}
 v - a potion of lignification {unknown}
Books
 p - a book of Spatial Translocations

   Spells                             Type                      Level
   a - Apportation                    Translocation                1
   b - Blink                          Translocation                2
   c - Shroud of Golubria             Charms/Translocation         2
   d - Portal Projectile              Translocation                3
   e - Teleport Other                 Translocation                3
   f - Passage of Golubria            Translocation                4
   Trog disapproves of the use of such an item.
 r - a book of Hinderance

   Spells                             Type                      Level
   a - Confusing Touch                Hexes                        2
   b - Confuse                        Hexes                        3
   c - Gell's Gravitas                Hexes/Translocation          3
   d - Petrify                        Transmutation/Earth          4
   e - Metabolic Englaciation         Hexes/Ice                    5
   Trog disapproves of the use of such an item.
Comestibles
 c - 2 bread rations
 l - a meat ration


   Skills:
 * Level 5.5 Fighting
 * Level 5.8 Axes
 + Level 3.9 Armour
 + Level 3.3 Dodging


You had 5 spell levels left.
You didn't know any spells.

Dungeon Overview and Level Annotations

Branches:
Dungeon (5/15)
 Temple: D:4-7

Altars:
Sif Muna


Innate Abilities, Weirdness & Mutations

You reflexively headbutt those who attack you in melee.
You have a pair of horns on your head.


Message History

You feel slightly more hungry.
The gnoll hits you from afar with a spear.
* * * LOW HITPOINT WARNING * * *
Drink which item? (? for menu, Esc to quit)
Okay, then.
A red film seems to cover your vision as you go berserk!
You feel yourself moving faster!
You feel mighty!
You are feeling very hungry.
The gnoll hits you from afar with a spear.
* * * LOW HITPOINT WARNING * * *
You feel a strong urge to attack something.
Items here: )) †† a flail; a spear; a gnoll corpse; a gnoll corpse You barely miss the gnoll.
Your headbutt misses the gnoll. The gnoll hits you with a spear.
* * * LOW HITPOINT WARNING * * *
You hit the gnoll.
The gnoll is heavily wounded.
The gnoll hits you with a spear!
You die...

.. . #.# .# #......... ..
.# #.........
####.###.###........
..................
#..g.g# #.....# #####...#
#.....#
......#.#####.....####.#
........g@...............
#######..####.#.#######.#
##.# #..........#.#
#..#####.#####.#.#
##.#...........#.#
#..#.##.###.#.#.# #.#
#.###.#.#.# ..
#.....#.#.#
.####.###.#.#.#


You could see a gnoll.

Vanquished Creatures
  A phantom (D:4)
  Crazy Yiuf (D:2)
  2 worker ants (D:4)
  2 gnolls (D:5)
  A hound skeleton (D:3)
  5 adders
  A worm (D:2)
  4 giant geckos
  3 orcs (D:4)
  8 bats
  5 giant cockroaches
  5 goblins
  8 hobgoblins
  3 jackals (D:3)
  4 quokkas
  2 giant newts (D:2)
  7 kobolds
  A quokka zombie (D:5)
  6 rats
69 creatures vanquished.

Notes
Turn   | Place    | Note
--------------------------------------------------------------
     0 | D:1      | Niddhoggr the Minotaur Berserker began the quest for the Orb.
     0 | D:1      | Reached XP level 1. HP: 19/19 MP: 0/0
   167 | D:1      | Reached XP level 2. HP: 14/27 MP: 1/1
   204 | D:1      | Reached skill level 4 in Axes
   617 | D:2      | Reached XP level 3. HP: 20/33 MP: 2/2
   715 | D:2      | Reached ** piety under Trog
   757 | D:2      | Noticed Crazy Yiuf
   762 | D:2      | Killed Crazy Yiuf
   762 | D:2      | Reached XP level 4. HP: 39/41 MP: 3/3
  1033 | D:2      | Reached skill level 5 in Axes
  1442 | D:3      | Reached XP level 5. HP: 47/47 MP: 4/4
  1710 | D:4      | Reached skill level 5 in Fighting
  1824 | D:4      | Found a deep blue altar of Sif Muna.
  1931 | D:4      | Noticed a phantom
  1934 | D:4      | Killed a phantom
  1934 | D:4      | Reached XP level 6. HP: 51/56 MP: 5/5
  2290 | D:5      | Entered Level 5 of the Dungeon
  2376 | D:5      | Slain by a gnoll

Action                   |  1- 3 |  4- 6 || total
-------------------------+-------+-------++-------
Melee: Hand axe          |    59 |       ||    59
       Quarterstaff      |       |    62 ||    62
Invok: Berserk           |     2 |     1 ||     3
       Trog's Hand       |     1 |     1 ||     2
 Stab: Sleeping          |       |     1 ||     1
  Eat: Chunk             |     1 |       ||     1
       Meat ration       |       |     1 ||     1
